 Dungeon Crawl Stone Soup version 0.17.0-73-gb648821 (webtiles) character file.

389 Rex the Chopper (level 6, -1/53 HPs)
             Began as a Minotaur Fighter on Dec 10, 2015.
             Killed from afar by an orc wizard (5 damage)
             ... with a puff of frost
             ... on level 4 of the Dungeon.
             The game lasted 00:10:39 (3197 turns).

Rex the Chopper (Minotaur Fighter)                  Turns: 3197, Time: 00:10:39

Health: -1/53      AC:  7    Str: 23    XL:     6   Next: 49%
Magic:  5/5        EV:  8    Int:  5    God:
Gold:   94         SH: 10    Dex:  9    Spells: 0 memorised, 5 levels left

rFire  + . .     SeeInvis .     a - +0 war axe
rCold  . . .     Clarity  .     b - +0 scale mail
rNeg   . . .     SustAt   .     c - +0 shield
rPois  .         Gourm    +     (helmet restricted)
rElec  .         Spirit   .     (no cloak)
rCorr  .         Warding  .     (no gloves)
rMut   .         Stasis   .     (no boots)
MR     .....                    r - amulet of the gourmand
Stlth  ..........               (no ring)
                                m - ring of protection from fire

@: very slightly contaminated, hasted, very quick, not resistant to hostile
enchantments, extremely unstealthy
A: retaliatory headbutt, horns 2
a: no special abilities


You were on level 4 of the Dungeon.
You were very full.

You visited 1 branch of the dungeon, and saw 4 of its levels.

You collected 94 gold pieces.

Inventory:

Hand Weapons
 a - a +0 war axe (weapon)
Armour
 b - a +0 scale mail (worn)
 c - a +0 shield (worn)
Jewellery
 m - a ring of protection from fire (left hand)
 r - an amulet of the gourmand (around neck)
Wands
 j - a wand of polymorph (5)
Scrolls
 f - 4 scrolls of identify
 k - 2 scrolls of remove curse
 l - a scroll of teleportation
Potions
 d - a potion of might
Books
 h - a book of Envenomations

   Spells                             Type                      Level
   a - Spider Form                    Transmutation/Poison         3
   b - Alistair's Intoxication        Transmutation/Poison         4
   c - Olgreb's Toxic Radiance        Poison                       4
   d - Poisonous Cloud                Conjuration/Poison/Air       6
Comestibles
 e - 4 bread rations
 i - 2 meat rations
 s - 2 beef jerkies


   Skills:
 + Level 4.6 Fighting
 * Level 5.3 Axes
 + Level 5.2 Armour
 + Level 2.1 Dodging
 + Level 0.6 Stealth
 + Level 4.7 Shields


You had 5 spell levels left.
You didn't know any spells.

Dungeon Overview and Level Annotations

Branches:
Dungeon (4/15)
 Temple: D:4-7

Altars:
Fedhas
Nemelex Xobeh


Innate Abilities, Weirdness & Mutations

You reflexively headbutt those who attack you in melee.
You have a pair of horns on your head.


Message History

You are very lightly contaminated with residual magic.
You closely miss the orc wizard.
The orc wizard is severely wounded.
You closely miss the orc. The orc hits you but does no damage.
You block the orc wizard's attack.
You miss the orc wizard.
The orc wizard is severely wounded.
You hit the orc.
The orc is lightly wounded.
You block the orc wizard's attack. The orc misses you.
You hit the orc wizard but do no damage.
The orc wizard is severely wounded.
You hit the orc but do no damage.
The orc is lightly wounded.
You barely miss the orc priest.
The orc priest is severely wounded.
You block the orc wizard's attack. The orc closely misses you.
The orc wizard casts a spell at you. The puff of frost hits you!
You die...

#..<#.# # #.#
######+######.#
#.# ..........#
#.# #.#
..........# #.#
#.# o.........#
#.# #.#
o.........#
#.#####.#
..........#
#.......#
.......ooo#
#.#####.#
########@)# #.#
### ####.###.#
#.....##.#
#.....##.#
#....(##.#
#.....##.# ##
#.....##.# ...
#..(...#.#
...###....#.#.#


You could see an orc priest, an orc wizard and an orc.

Vanquished Creatures
  An ogre (D:4)
  2 orc priests (D:3)
  4 orc wizards
  A worker ant (D:3)
  3 adders
  An ooze (D:3)
  3 worms
  3 giant geckos
  12 orcs (D:3)
  A ball python (D:1)
  2 bats
  4 giant cockroaches
  11 hobgoblins
  4 jackals (D:2)
  4 kobolds
  4 giant newts
  2 goblins (D:2)
  8 rats
  5 bushes (D:2)
  6 plants (D:2)
81 creatures vanquished.

Vanquished Creatures (others)
  2 bushes (D:2)
2 creatures vanquished.

Grand Total: 83 creatures vanquished

Notes
Turn   | Place    | Note
--------------------------------------------------------------
     0 | D:1      | Rex the Minotaur Fighter began the quest for the Orb.
     0 | D:1      | Reached XP level 1. HP: 19/19 MP: 0/0
   127 | D:1      | Reached XP level 2. HP: 27/27 MP: 1/1
   572 | D:1      | Reached skill level 4 in Armour
   572 | D:1      | Reached XP level 3. HP: 30/33 MP: 2/2
   724 | D:2      | Found a sparkling altar of Nemelex Xobeh.
   850 | D:2      | Found a faded altar to an unknown god.
   873 | D:2      | Found a blossoming altar of Fedhas.
  1201 | D:2      | Reached XP level 4. HP: 40/40 MP: 3/3
  2295 | D:3      | Reached skill level 1 in Dodging
  2300 | D:3      | Reached XP level 5. HP: 43/46 MP: 4/4
  2836 | D:3      | Reached skill level 5 in Armour
  2837 | D:3      | Reached XP level 6. HP: 40/53 MP: 5/5
  2838 | D:3      | Reached skill level 5 in Axes
  3197 | D:4      | Killed from afar by an orc wizard

Action                   |  1- 3 |  4- 6 || total
-------------------------+-------+-------++-------
Melee: War axe           |   168 |   282 ||   450
  Use: Scroll            |       |     6 ||     6
       Potion            |       |     7 ||     7
  Eat: Chunk             |     1 |    20 ||    21
